 Dungeon Crawl Stone Soup version 0.25.0-1-g7eea58d (webtiles) character file.

Game seed: 12139373261220984560

27 rhysdieslots the Chiller (level 3, -3/24 HPs)
             Began as a Merfolk Ice Elementalist on June 16, 2020.
             Slain by an orc
             ... wielding a +0 whip of electrocution
              (10 damage)
             ... on level 3 of the Dungeon.
             The game lasted 00:02:59 (1608 turns).

rhysdieslots the Chiller (Merfolk Ice Elementalist) Turns: 1608, Time: 00:03:00

Health: -3/24      AC:  2    Str:  8    XL:     3   Next: 10%
Magic:  5/6        EV: 13    Int: 15    God:
Gold:   107        SH:  0    Dex: 14    Spells: 2/6 levels left

rFire    + . .     SeeInvis .   n - +0 spear (curse)
rCold    . . .     Gourm    .   (no shield)
rNeg     . . .     Faith    .   a - +0 robe
rPois    .         Spirit   .   (no helmet)
rElec    .         Reflect  .   (no cloak)
rCorr    .         Harm     .   (no gloves)
MR       .....                  (no boots)
Stlth    ++........             (no amulet)
HPRegen  0.08/turn              d - ring of wizardry
MPRegen  0.10/turn              q - ring of protection from fire

@: no status effects
A: change form in water, swift swim, stealthy swim
a: no special abilities


You were on level 3 of the Dungeon.
You were not hungry.

You visited 1 branch of the dungeon, and saw 3 of its levels.

You collected 107 gold pieces.

Inventory:

Hand Weapons
 n - a cursed +0 spear (weapon)
Armour
 a - a +0 robe (worn)
Jewellery
 d - a ring of wizardry (left hand)
 q - a ring of protection from fire (right hand)
Scrolls
 b - a scroll of remove curse {unknown}
 f - a scroll of enchant armour {unknown}
 i - 3 scrolls of identify {unknown}
 j - a scroll of amnesia {unknown}
 k - 2 scrolls of enchant weapon {unknown}
 m - a scroll of teleportation {unknown}
 r - a scroll of fog {unknown}
Potions
 e - a potion of lignification {unknown}
 g - a potion of haste {unknown}
 h - a potion of cancellation {unknown}
 l - a potion of brilliance {unknown}
 o - a potion of invisibility {unknown}
 p - a potion of flight {unknown}
Comestibles
 c - 2 rations


   Skills:
 + Level 3.2 Dodging
 + Level 2.1 Stealth
 + Level 1.0 Unarmed Combat
 + Level 2.1 Spellcasting
 + Level 4.9 Ice Magic


You had 2 spell levels left.
You knew the following spells:

 Your Spells              Type           Power        Failure   Level  Hunger
a - Freeze                Ice            ###.         1%          1    #......
b - Frozen Ramparts       Ice            ###...       3%          3    ###....

Your spell library contained the following spells:

 Spells                   Type           Power        Failure   Level  Hunger
 Ozocubu's Armour         Chrm/Ice       #.......     10%         3    ###....
 Hailstorm                Conj/Ice       #.......     30%         4    #####..
 Summon Ice Beast         Ice/Summ       #.......     30%         4    #####..


Dungeon Overview and Level Annotations

Branches:
Dungeon (3/15)

Altars:


Message History

The orc is lightly wounded.
You barely miss the orc.
The orc is lightly wounded.
The orc hits you with a +0 whip of electrocution.
You hit the orc.
The orc is heavily wounded.
The orc hits you with a +0 whip of electrocution.
You are electrocuted!
You are too injured to fight recklessly!
Casting: Freeze (safe; 1% risk of failure)
Confirm with . or Enter, or press ? or * to list all spells.
Aiming: Freeze (safe; 1% risk of failure)
Press: ? - help, Shift-Dir - straight line, f/p - orc
Aim: an orc, wielding a +0 whip of electrocution (heavily wounded)
You freeze the orc.
The orc is almost dead.
The orc hits you with a +0 whip of electrocution.
* * * LOW HITPOINT WARNING * * *
You are electrocuted!
You die...

#.#..# #
#.#..#
#.#.#..#
#.#.#..####.
#....((h....
###†#..##...
#.#..h..
#o#......h
#@#####...
#.# #. #.#
#.# #.# #..
###


You could see an orc.

Vanquished Creatures
  4 bats
  2 giant cockroaches
  5 goblins
  2 hobgoblins
  3 jackals (D:3)
  A quokka (D:2)
  A frilled lizard (D:1)
  2 kobolds (D:1)
  A quokka skeleton (D:2)
  A rat (D:3)
22 creatures vanquished.

Notes
Turn   | Place    | Note
-------+----------+-------------------------------------------
     0 | D:1      | rhysdieslots the Merfolk Ice Elementalist began the quest
                  | for the Orb.
     0 | D:1      | Reached XP level 1. HP: 13/13 MP: 3/3
    27 | D:1      | You fall into a shaft and drop 1 floor!
   554 | D:1      | Reached XP level 2. HP: 16/19 MP: 0/5
  1497 | D:3      | Reached skill level 1 in Unarmed Combat
  1506 | D:3      | Reached XP level 3. HP: 22/24 MP: 3/6
  1511 | D:3      | Learned a level 3 spell: Frozen Ramparts
  1608 | D:3      | Slain by an orc

Illustrated notes

Levels and vault maps discovered:
D:1:      wander_arrival_chamber, layout_loops_ring
D:2:      layout_rooms, serial_bayou_lagoon_a
D:3:      minmay_door_path, layout_loops_ring, grunt_temple_overflow_open

Skill      XL: |  1  2 |
---------------+-------+-----
Dodging        | 3 |  3.2
Unarmed Combat | 1 |  1.0
Stealth        | |  2.1
Spellcasting   | |  2.1
Ice Magic      | |  4.9

Action                   || total
-------------------------++-------
Melee: Unarmed           ||    14
       Dagger            ||    32
       Spear             ||    24
 Cast: Freeze            ||    17
 Stab: Sleeping          ||     4
  Eat: Ration            ||     1
       Chunk             ||     1
Armor: Robe              ||    29
Dodge: Dodged            ||    63
